 Dungeon Crawl Stone Soup version 0.29.0-15-g675c0067aa (webtiles) character file.

Game seed: 7329256964590638262

372 qw the Chopper (level 6, 0/38 HPs)
             Began as a Gargoyle Delver on Sept 11, 2022.
             Slain by Pikel
             ... wielding a +1 whip of electrocution
              (4 damage)
             ... on level 5 of the Dungeon.
             The game lasted 00:01:22 (4260 turns).

qw the Chopper (Gargoyle Delver)                    Turns: 4260, Time: 00:01:22

Health: 0/38       AC: 13    Str: 18    XL:     6   Next: 71%
Magic:  6/6        EV: 11    Int: 10    God:
Gold:   40         SH:  0    Dex: 11    Spells: 5/5 levels left

rFire   . . .      SeeInvis +   Y - +0 hand axe
rCold   . . .      Faith    .   (no shield)
rNeg    + . .      Spirit   .   d - +0 ring mail
rPois   inf        Reflect  .   t - +1 helmet
rElec   +          Harm     .   (no cloak)
rCorr   +          Rampage  .   (no gloves)
Will    .....                   r - +1 pair of boots "Wohu" {rElec SInv}
Stlth   ++........              (no amulet)
HPRegen 0.92/turn               j - ring of resist corrosion
MPRegen 0.10/turn               (no ring)

@: about to teleport
A: sickness immunity, AC +4, negative energy resistance 1, electricity
resistance, torment resistance 1, petrification resistance, regeneration 1
a: no special abilities


You were on level 5 of the Dungeon.
You visited 1 branch of the dungeon, and saw 5 of its levels.

You collected 190 gold pieces.
You spent 150 gold pieces at shops.


Innate Abilities, Weirdness & Mutations

You are immune to sickness and miasma.
Your stone body is resilient. (AC +4)
You are immune to poison.
You resist negative energy. (rN+)
You are resistant to electric shocks. (rElec)
You are resistant to unholy torment.
You are immune to petrification.
Your natural rate of healing is unusually fast.


   Skills:
 - Level 4.1 Fighting
 + Level 5.6 Axes
 - Level 1.0 Throwing
 - Level 1.0 Armour
 - Level 1.5 Dodging
 - Level 5.4 Stealth


You had 5 spell levels left.
You didn't know any spells.
Your spell library was empty.

Inventory:

Hand Weapons
 c - a +0 morningstar
 Y - a +0 hand axe (weapon)
Missiles
 i - 2 boomerangs (quivered)
Armour
 b - the +2 pair of boots of the Eight Dances {Rampage rElec}
   (You acquired it on level 2 of the Dungeon)

   rElec:     It insulates you from electricity.
   Rampage:   It bestows one free step when moving towards enemies.
 d - a +0 ring mail (worn)
 r - the +1 pair of boots "Wohu" (worn) {rElec SInv}
   (You found it on level 4 of the Dungeon)

   rElec:     It insulates you from electricity.
   SInv:      It lets you see invisible.
 t - a +1 helmet (worn)
Jewellery
 j - a ring of resist corrosion (left hand)
Wands
 g - a wand of digging (3)
Scrolls
 h - a scroll of identify
 n - a scroll of teleportation
 o - a scroll of noise {unknown}
Potions
 e - 5 potions of curing
 f - a potion of haste
 k - a potion of heal wounds {unknown}
 l - a potion of mutation
 m - a potion of cancellation {unknown}
 s - 2 potions of lignification {unknown}
 u - a potion of resistance

Dungeon Overview and Level Annotations

Branches:
Dungeon (5/15)
 Temple: D:4-7

Altars:
Wu Jian

Shops:
D:4 !

Annotations:
D:5 Pikel


Message History

You hit the lemure.
The lemure is heavily wounded.
You hit the lemure but do no damage. You closely miss Pikel.
The lemure closely misses you. The lemure hits you but does no damage.
Pikel barely misses you.
You closely miss the lemure.
The lemure is heavily wounded.
You barely miss the lemure. You barely miss Pikel. You miss the lemure.
The lemure hits you but does no damage. x3; Pikel hits you but does no damage.
You barely miss the lemure.
The lemure is heavily wounded.
You closely miss the lemure. You hit Pikel but do no damage.
You hit the lemure but do no damage. The lemure hits you but does no damage.
The lemure hits you. The lemure barely misses you.
Pikel hits you with a +1 whip of electrocution.
You closely miss the lemure.
The lemure is heavily wounded.
You hit the lemure. You closely miss the lemure. You hit Pikel.
The lemure hits you but does no damage. x2; The lemure barely misses you.
Pikel hits you with a +1 whip of electrocution.
You hit the lemure.
The lemure is severely wounded.
You hit Pikel but do no damage. You hit the lemure but do no damage.
You barely miss the lemure. The lemure closely misses you. The lemure hits you.
Pikel hits you with a +1 whip of electrocution.
4259 ||| READING 2 scrolls of teleportation.
As you read the scroll of teleportation, it crumbles to dust.
You feel strangely unstable.
The lemure misses you. x2; The lemure barely misses you.
Pikel barely misses you. The lemure barely misses you.
You barely miss the lemure.
The lemure is severely wounded.
You hit the lemure but do no damage. You hit the lemure.
You barely miss the lemure. You closely miss Pikel.
The lemure hits you but does no damage. The lemure closely misses you.
The lemure barely misses you.
Pikel hits you with a +1 whip of electrocution.
You die...

.(.. .......
...#... ........ #
.##.......#.##
...........#.####.(
...........55.....#
...........@5...(#
#....###.5K...##
#........#####?#
##.##..####
#...#...# #.......#
#...#.[.# ######.##
#.#


You could see Pikel and 4 lemures.

Vanquished Creatures
  2 necrophages (D:4)
  A scorpion (D:4)
  A hound (D:4)
  An iguana (D:4)
  2 orc wizards (D:3)
  2 adders
  5 dart slugs
  An orc (D:3)
  3 bats
  5 endoplasms
  6 giant cockroaches
  2 goblins (D:4)
  7 hobgoblins
  3 jackals (D:2)
  2 kobolds
  4 quokkas
  6 ball pythons
  6 frilled lizards
  5 rats
64 creatures vanquished.

Vanquished Creatures (others)
  9 plants (D:2)
9 creatures vanquished.

Grand Total: 73 creatures vanquished

Notes
Turn   | Place    | Note
-------+----------+-------------------------------------------
     0 | D:5      | qw the Gargoyle Delver began the quest for the Orb.
     0 | D:5      | Reached XP level 1. HP: 14/14 MP: 1/1
     0 | D:5      | 0 ||| qw: Version: 0.1-a-118-gb4e7ce6
     0 | D:5      | 0 ||| qw: Game counter: 10231
     0 | D:5      | 0 ||| qw: Always use a shield: true
     0 | D:5      | 0 ||| qw: God list: Okawaru
     0 | D:5      | 0 ||| qw: Allow faded altars: false
     0 | D:5      | 0 ||| qw: Do Orc after D:15 true
     0 | D:5      | 0 ||| qw: Do second Lair branch before Depths: true
     0 | D:5      | 0 ||| qw: Lair rune preference: random
     0 | D:5      | 0 ||| qw: Plans: Normal
     0 | D:5      | 0 ||| PLANNING D:1-11
     3 | D:5      | 3 ||| DROPPING scroll of fog.
     4 | D:5      | 4 ||| DROPPING scroll of magic mapping.
     5 | D:5      | 5 ||| DROPPING scroll of fear.
    14 | D:4      | Noticed a necrophage
    23 | D:4      | Killed a necrophage
    24 | D:4      | Reached skill level 3 in Axes
    24 | D:4      | Reached XP level 2. HP: 9/19 MP: 2/2
    24 | D:4      | Reached XP level 3. HP: 11/23 MP: 3/3
    24 | D:4      | Reached XP level 4. HP: 14/28 MP: 4/4
   232 | D:4      | 232 ||| UPGRADING to +0 ring mail.
   242 | D:4      | 242 ||| DROPPING +0 leather armour.
   617 | D:1      | Found a faded altar of an unknown god.
   888 | D:1      | Reached skill level 1 in Armour
  1073 | D:1      | 1073 ||| UPGRADING to ring of resist corrosion.
  1074 | D:1      | 1074 ||| READING scroll labelled HUPTUF BOKUF.
  1075 | D:1      | 1075 ||| READING scroll labelled KORETR ULOGETE.
  1076 | D:1      | 1076 ||| READING scroll labelled NOWAUT LIMMI.
  1081 | D:1      | 1081 ||| READING scroll labelled RICULE MOR SEF.
  1364 | D:2      | 1364 ||| Stepping ~*~*~tactically~*~*~ (hiding).
  1466 | D:2      | 1466 ||| Stepping ~*~*~tactically~*~*~ (hiding).
  1568 | D:2      | 1568 ||| Stepping ~*~*~tactically~*~*~ (hiding).
  1670 | D:2      | 1670 ||| Stepping ~*~*~tactically~*~*~ (hiding).
  1672 | D:2      | 1672 ||| Stepping ~*~*~tactically~*~*~ (hiding).
  1673 | D:2      | 1673 ||| Stepping ~*~*~tactically~*~*~ (hiding).
  1682 | D:2      | Reached skill level 1 in Throwing
  1906 | D:2      | 1906 ||| READING scroll labelled NUWOFE CUQOUNT.
  1907 | D:2      | 1907 ||| READING scroll labelled FIGORA IMUMMI.
  1907 | D:2      | Identified a scroll of acquirement
  1907 | D:2      | 1907 ||| ACQUIRING +2 pair of boots of the Eight Dances
                  | {Rampage rElec}
  1907 | D:2      | Acquired the +2 pair of boots of the Eight Dances {Rampage
                  | rElec}
  1909 | D:2      | 1909 ||| UPGRADING to +2 pair of boots of the Eight Dances
                  | {Rampage rElec}.
  1914 | D:2      | 1914 ||| READING scroll labelled CIQIJOSEAS.
  1967 | D:2      | 1967 ||| READING scroll labelled VUGGU VOARPH.
  2068 | D:2      | 2068 ||| DRINKING 2 bubbling orange potions.
  2069 | D:2      | 2069 ||| DROPPING potion of attraction.
  2129 | D:3      | 2129 ||| Stepping ~*~*~tactically~*~*~ (hiding).
  2147 | D:3      | 2147 ||| Stepping ~*~*~tactically~*~*~ (stealth).
  2148 | D:3      | 2148 ||| Stepping ~*~*~tactically~*~*~ (stealth).
  2154 | D:3      | Reached XP level 5. HP: 30/32 MP: 5/5
  2456 | D:3      | Found an ornate altar of the Wu Jian Council.
  2992 | D:3      | 2992 ||| DRINKING 3 inky potions.
  2992 | D:3      | Gained mutation: You sometimes lose your temper in combat.
                  | [potion of mutation]
  2993 | D:3      | 2993 ||| DRINKING 2 potions of mutation.
  2993 | D:3      | Lost mutation: You sometimes lose your temper in combat.
                  | [potion of mutation]
  2993 | D:3      | Gained mutation: Your natural rate of healing is unusually
                  | fast. [potion of mutation]
  2994 | D:3      | 2994 ||| READING 3 scrolls of identify.
  2994 | D:3      | 2994 ||| IDENTIFYING puce potion
  2995 | D:3      | 2995 ||| READING 2 scrolls of identify.
  2995 | D:3      | 2995 ||| IDENTIFYING purple potion
  2996 | D:3      | 2996 ||| DROPPING potion of brilliance.
  2997 | D:3      | 2997 ||| DROPPING potion of magic.
  3015 | D:4      | 3015 ||| Stepping ~*~*~tactically~*~*~ (stealth).
  3024 | D:4      | Reached XP level 6. HP: 37/37 MP: 6/6
  3035 | D:4      | Found Mialos's Distillery.
  3044 | D:4      | 3044 ||| BUYING 2 potions of curing (60 gold).
  3044 | D:4      | Bought 2 potions of curing for 60 gold pieces
  3044 | D:4      | 3044 ||| BUYING 2 potions of curing (60 gold).
  3044 | D:4      | Bought 2 potions of curing for 60 gold pieces
  3044 | D:4      | 3044 ||| BUYING potion of curing (30 gold).
  3044 | D:4      | Bought a potion of curing for 30 gold pieces
  3044 | D:4      | 3044 ||| SHOPLISTING potion of might (40 gold, have 17).
  3044 | D:4      | 3044 ||| SHOPLISTING potion of mutation (80 gold, have 17).
  3233 | D:4      | 3233 ||| Stepping ~*~*~tactically~*~*~ (stealth).
  3234 | D:4      | 3234 ||| Stepping ~*~*~tactically~*~*~ (stealth).
  3239 | D:4      | 3239 ||| Stepping ~*~*~tactically~*~*~ (stealth).
  3296 | D:4      | Identified the +1 pair of boots "Wohu" {rElec SInv}
  3417 | D:4      | 3417 ||| Stepping ~*~*~tactically~*~*~ (hiding).
  3519 | D:4      | 3519 ||| Stepping ~*~*~tactically~*~*~ (hiding).
  3621 | D:4      | 3621 ||| Stepping ~*~*~tactically~*~*~ (hiding).
  3723 | D:4      | 3723 ||| Stepping ~*~*~tactically~*~*~ (hiding).
  4152 | D:4      | 4152 ||| UPGRADING to +1 pair of boots "Wohu" {rElec SInv}.
  4162 | D:4      | 4162 ||| UPGRADING to +0 helmet.
  4167 | D:4      | 4167 ||| READING scroll of enchant armour.
  4167 | D:4      | 4167 ||| ENCHANTING +0 helmet.
  4168 | D:4      | 4168 ||| READING scroll labelled RALOLY WASS.
  4169 | D:4      | 4169 ||| DRINKING 2 red potions.
  4170 | D:4      | 4170 ||| DRINKING 2 orange potions.
  4171 | D:4      | 4171 ||| DROPPING potion of flight.
  4200 | D:5      | 4200 ||| RIP OSSUARY
  4243 | D:5      | Noticed Pikel
  4258 | D:5      | HP: 9/38 [lemure[Pikel] (5)]
  4258 | D:5      | HP: 3/38 [Pikel/+1 whip of electrocution (6)]
  4259 | D:5      | 4259 ||| READING 2 scrolls of teleportation.
  4260 | D:5      | Slain by Pikel

Levels and vault maps discovered:
D:1:      amcnicky_arrival_choice, layout_rooms, ebering_ecumenical_altar_webs,
          serial_curves, eino_curves_02, eino_curves_02,
          chequers_serial_rivers_micro_d, nrook_mini_backslash,
          kennysheep_minor_cross
D:2:      layout_basic, kennysheep_boxes
D:3:      layout_basic, nzn_wu_jian_contemplation
D:4:      layout_gridville, serial_shops, nicolae_shop_stone
D:5:      layout_loops_ring, general_overflow_altar, nicolae_ossuary_entry_plus,
          nicolae_alphabet_shops, nicolae_grassy_gnolls, uniq_blork_the_orc,
          uniq_pikel

Skill      XL: |  1  2  3  4  5  6 |
---------------+-------------------+-----
Axes           | 3 4 5 |  5.6
Armour         | 1 |  1.0
Throwing       | 1 |  1.0
Fighting       | 4 |  4.1
Dodging        | |  1.5
Stealth        | |  5.4

Action                   |  1- 3 |  4- 6 || total
-------------------------+-------+-------++-------
Melee: Hand axe          |     9 |   193 ||   202
       Punch             |       |     2 ||     2
Throw: Javelin           |       |    44 ||    44
       Boomerang         |       |     4 ||     4
  Use: Scroll            |       |    13 ||    13
       Potion            |       |     5 ||     5
 Stab: Sleeping          |       |     1 ||     1
Armor: Leather armour    |     1 |       ||     1
       Ring mail         |       |   114 ||   114
Dodge: Dodged            |     6 |   105 ||   111

Table legend:
 A = Non-vault XP
 B = Vault XP
 C = Vault XP percentage of total XP
 D = Non-vault monster count
 E = Vault monster count
 F = Vault count percentage of total count
                 A         B        C        D         E       F
            +---------+---------+-------+---------+---------+-------
      Total |     532 |       0 |   0.0 |      64 |       0 |   0.0
            +---------+---------+-------+---------+---------+-------
        D:1 |      34 |       0 |   0.0 |      20 |       0 |   0.0
        D:2 |      28 |       0 |   0.0 |      13 |       0 |   0.0
        D:3 |     103 |       0 |   0.0 |      13 |       0 |   0.0
        D:4 |     365 |       0 |   0.0 |      17 |       0 |   0.0
        D:5 |       2 |       0 |   0.0 |       1 |       0 |   0.0
            +---------+---------+-------+---------+---------+-------
